[Event "Team 45 45 League T54"]
[Site "Internet Chess Club"]
[Date "2012.08.27"]
[Round "2"]
[White "Legal"]
[Black "KW-Winner"]
[Result "1-0"]
[WhiteElo "2026"]
[BlackElo "1931"]
[Opening "Sicilian: Labourdonnais-Löwenthal (Kalashnikov) variation"]
[ECO "B32"]
[Time "20:01:48"]
[TimeControl "2700+45"]

1. e4 c5 2. Nf3 Nc6 3. d4 cxd4 4. Nxd4 e5 5. Nb5 d6 6. N1c3 a6 7. Na3 b5 8. Nd5
Nge7 9. c4 Nxd5 10. cxd5 Nb8 11. Bd3 Be7 12. Be3 Bg5 13. Nc2 O-O 14. O-O f5 15.
exf5 Bxf5 16. Bxg5 Qxg5 17. Bxf5 Rxf5 18. Ne3 Rf8 19. Rc1 Rd8 20. Rc7 Nd7 21.
Qc2 Nb6 22. Rd1 Rd7 23. Rxd7 Nxd7 24. Qc6 Rd8 25. Qxd6 Nf8 26. Qxa6 b4 27. d6
Ne6 28. Qc4 Qg6 29. d7 Kh8 30. Qxb4 Qf6 31. Qd6 Nd4 32. Qxf6 gxf6 33. Kf1 Kg7
34. b4 Kf7 35. a4 Ke6 36. b5 Rxd7 37. b6 Kd6 38. Rb1 Kc6 39. a5 Nb5 40. Nc4 Nc3
41. Rc1 Rd3 42. a6 e4 43. b7 Kc7 44. Na5 Rd1+ 45. Rxd1 Nxd1 46. Nc6 {Black
resigns} 1-0

[Event "Team 45 45 League T54"]
[Site "Internet Chess Club"]
[Date "2012.08.25"]
[Round "2"]
[White "Goli"]
[Black "maestrogaffney"]
[Result "1/2-1/2"]
[WhiteElo "1891"]
[BlackElo "1728"]
[Opening "Sicilian: Alapin's variation (2.c3)"]
[ECO "B22"]
[Time "17:00:31"]
[TimeControl "2700+45"]

1. e4 c5 2. c3 Nf6 3. e5 Nd5 4. d4 cxd4 5. cxd4 d6 6. Nf3 Nc6 7. Bc4 Nb6 8. Bb5
dxe5 9. Nxe5 Bd7 10. Bxc6 Bxc6 11. Nxc6 bxc6 12. O-O e6 13. b3 Nd5 14. Bb2 g6
15. Nc3 Bg7 16. Nxd5 Qxd5 17. Rc1 O-O 18. Rc4 Rfd8 19. Qc2 Rac8 20. Rc1 Qa5 21.
Qb1 Rd6 22. h3 Rcd8 23. Rxc6 Rxc6 24. Rxc6 Bxd4 25. Bxd4 Rxd4 26. Rc8+ Kg7 27.
Rc2 h6 28. Qb2 Qe1+ 29. Kh2 Qe5+ 30. g3 Qd5 31. f3 Kh7 {Game drawn by mutual
agreement} 1/2-1/2

[Event "Team 45 45 League T54"]
[Site "Internet Chess Club"]
[Date "2012.08.26"]
[Round "2"]
[White "Duguesclin"]
[Black "ShadowChaos7"]
[Result "0-1"]
[WhiteElo "1625"]
[BlackElo "1667"]
[Opening "Dutch, 2.Bg5 variation"]
[ECO "A80"]
[Time "09:00:50"]
[TimeControl "2700+45"]

1. d4 f5 2. Bg5 g6 3. Nc3 d5 4. e3 Bg7 5. Nf3 Nf6 6. Bd3 O-O 7. O-O Ne4 8. Bf4
c6 9. Ne2 Nd7 10. c4 Re8 11. cxd5 cxd5 12. Bb5 a6 13. Ba4 b5 14. Bb3 Bb7 15. Ne5
Nxe5 16. Bxe5 Bxe5 17. dxe5 e6 18. Rc1 Qb6 19. Nd4 Rac8 20. Qe2 Rxc1 21. Rxc1
Rc8 22. Rxc8+ Bxc8 23. Qc2 Qc5 24. f3 Qxc2 25. Bxc2 Nc5 26. b4 Nb7 27. Nc6 Kf8
28. a4 Bd7 29. Nb8 Ke7 30. a5 Nd8 31. Nxa6 Nc6 32. Bd3 Nxe5 33. Nc5 Kd6 34. Be2
Bc6 35. Kf2 Nc4 36. Bd3 e5 37. e4 fxe4 38. fxe4 d4 39. h4 h6 40. g4 g5 41. h5
Bd7 42. Kg3 Kc6 43. a6 Bc8 44. a7 Bb7 45. Kf2 Nd6 46. Kf3 Ba8 47. Kg3 Nc8 48.
Ne6 Kb6 49. Nd8 Nd6 50. Ne6 Kxa7 51. Nc5 Bc6 52. Kf3 Kb6 53. Ne6 Nf7 54. Ng7 Kc7
55. Nf5 Bd7 56. Ne7 Kb6 57. Nd5+ Kc6 58. Nf6 Be6 59. Ng8 Bc4 60. Ke2 Kd6 61. Nf6
Ke6 62. Bxc4+ bxc4 63. Nd5 Kd6 {White forfeits on time} 0-1

[Event "Team 45 45 League T54"]
[Site "Internet Chess Club"]
[Date "2012.08.28"]
[Round "2"]
[White "goktrenks"]
[Black "parpin"]
[Result "0-1"]
[WhiteElo "1839"]
[BlackElo "1757"]
[Opening "Caro-Kann: classical, Spassky variation"]
[ECO "B18"]
[Time "16:04:40"]
[TimeControl "2700+45"]

1. e4 c6 2. d4 d5 3. Nc3 dxe4 4. Nxe4 Bf5 5. Ng3 Bg6 6. Nf3 Nd7 7. h4 h6 8. h5
Bh7 9. Bd3 Bxd3 10. Qxd3 e6 11. Bf4 Qa5+ 12. Bd2 Qc7 13. O-O-O Ngf6 14. Rhe1
O-O-O 15. Qb3 Bd6 16. Ne4 Nxe4 17. Rxe4 Nf6 18. Rh4 Rd7 19. Bb4 Bxb4 20. Qxb4
Rhd8 21. Qa4 a6 22. Ne5 Qxe5 {White resigns} 0-1

[Event "Team 45 45 League T54"]
[Site "Internet Chess Club"]
[Date "2012.08.25"]
[Round "2"]
[White "AVEMARIA"]
[Black "HumanTornado"]
[Result "1/2-1/2"]
[WhiteElo "1693"]
[BlackElo "1957"]
[Opening "Sicilian: 2.c3, Heidenfeld variation"]
[ECO "B22"]
[Time "10:39:38"]
[TimeControl "2700+45"]

1. e4 c5 2. c3 Nf6 3. e5 Nd5 4. Nf3 Nc6 5. Na3 a6 6. Nc2 d6 7. exd6 Qxd6 8. d4
cxd4 9. Ncxd4 Bd7 10. Be2 e5 11. Nxc6 Bxc6 12. O-O Be7 13. Re1 Rd8 14. Qc2 Nf6
15. Bg5 O-O 16. Rad1 Qc7 17. Bh4 Rfe8 18. Rxd8 Bxd8 19. Bd1 Qa5 20. b4 Qd5 21.
c4 Qd6 22. Qb3 Ne4 23. Bxd8 Qxd8 24. Bc2 Nd2 25. Nxd2 Qxd2 26. Rd1 Qg5 27. Qg3
Qxg3 {Game drawn by mutual agreement} 1/2-1/2

[Event "Team 45 45 League T54"]
[Site "Internet Chess Club"]
[Date "2012.09.03"]
[Round "2"]
[White "Dracoac"]
[Black "oldsj"]
[Result "1-0"]
[WhiteElo "1806"]
[BlackElo "1660"]
[Opening "English opening"]
[ECO "E61"]
[Time "13:08:26"]
[TimeControl "2700+45"]

1. Nf3 Nf6 2. c4 g6 3. Nc3 Bg7 4. d4 d6 5. Bf4 O-O 6. e3 c5 7. Be2 Nbd7 8. O-O
cxd4 9. exd4 Nb6 10. Rc1 Bg4 11. b3 d5 12. cxd5 Nbxd5 13. Nxd5 Nxd5 14. Be5 Nf6
15. Bc7 Qe8 16. a4 Rc8 17. h3 Be6 18. Ne5 Nd5 19. Bb5 Qxb5 20. axb5 Nxc7 21. b6
axb6 22. Qf3 Bd5 23. Qg3 Ne6 24. Nd7 Nxd4 25. Qe3 Rfd8 26. Rxc8 Rxc8 27. Nxb6
Rc5 28. Nxd5 Rxd5 29. Rc1 Nc6 30. Qf3 Rd6 31. Rd1 Nd4 32. Qe4 b5 33. Kh2 f5 34.
Qa8+ Kf7 35. b4 Be5+ 36. Kh1 Kg7 37. Qb7 Re6 38. Qd7 Bd6 39. g3 Re4 40. Qb7 Kf6
41. Qd5 Nf3 42. Kg2 Ng5 43. Rd4 Re5 44. Qa8 Kf7 45. Qb7 Ke6 46. Qc8+ Kf7 47. Qd7
Ne4 48. f3 Nf6 49. Qa7 Re2+ 50. Kf1 Re6 51. Qa2 Bxg3 52. Rd2 Nh5 53. Re2 Nf4 54.
Rxe6 Nxe6 55. Qd5 {Black resigns} 1-0

[Event "Team 45 45 League T54"]
[Site "Internet Chess Club"]
[Date "2012.08.29"]
[Round "2"]
[White "chrisgianno"]
[Black "latayvia"]
[Result "1-0"]
[WhiteElo "1650"]
[BlackElo "1750"]
[Opening "Dutch"]
[ECO "A80"]
[Time "16:26:36"]
[TimeControl "2700+45"]

1. d4 f5 2. Nf3 Nf6 3. g3 g6 4. Bg2 Bg7 5. O-O O-O 6. Bg5 d5 7. Nbd2 c6 8. c3 h6
9. Bf4 Nbd7 10. Qc2 g5 11. Be3 Ne4 12. Nxe4 dxe4 13. Ne1 e5 14. Rd1 Qa5 15. Qb3+
Kh8 16. Nc2 f4 17. Bd2 f3 18. exf3 exf3 19. Bh3 Nc5 20. dxc5 Bxh3 21. Rfe1 Qc7
22. Ne3 b6 23. Qc4 Rac8 24. Bc1 Qe7 25. Rd6 bxc5 26. Red1 Qe8 27. Qxc5 Rc7 28.
b3 Qe7 29. Ba3 Qf7 30. Rxc6 Rxc6 31. Qxc6 Rc8 32. Qe4 Rxc3 33. Rd8+ Qg8 34.
Rxg8+ Kxg8 35. Qxf3 Rc8 36. g4 Rc1+ 37. Bxc1 Bxg4 38. Nxg4 Bf6 39. Nxf6+ Kh8 40.
Qa8+ Kg7 41. Ne8+ Kg6 42. Qxa7 e4 43. Qg7+ Kh5 44. Nf6+ Kh4 45. Qxh6# {Black
checkmated} 1-0

[Event "Team 45 45 League T54"]
[Site "Internet Chess Club"]
[Date "2012.09.03"]
[Round "2"]
[White "SlimeDog2"]
[Black "samarth22"]
[Result "0-1"]
[WhiteElo "2154"]
[BlackElo "1973"]
[Opening "Nimzo-Indian: classical variation"]
[ECO "E32"]
[Time "16:07:51"]
[TimeControl "2700+45"]

1. d4 Nf6 2. c4 e6 3. Nc3 Bb4 4. Qc2 O-O 5. a3 Bxc3+ 6. Qxc3 d5 7. Bg5 dxc4 8.
Qxc4 b6 9. Nf3 Ba6 10. Qc2 h6 11. Bxf6 Qxf6 12. Qxc7 Rc8 13. Qe5 Qg6 14. Qe3 Nd7
15. Qb3 Nf6 16. Ne5 Qc2 17. Qxc2 Rxc2 18. Rb1 Ne4 19. Ng4 Rac8 20. Ne3 Rc1+ 21.
Rxc1 Rxc1+ 22. Nd1 Rxd1+ 23. Kxd1 Nxf2+ 24. Ke1 Nxh1 25. e4 Bb7 26. Bd3 f5 27.
exf5 Bxg2 28. fxe6 Bd5 29. Bf5 Kf8 30. Ke2 Ke7 31. Ke3 Kd6 32. Bg4 Bxe6 {White
resigns} 0-1

[Event "Team 45 45 League T54"]
[Site "Internet Chess Club"]
[Date "2012.08.24"]
[Round "2"]
[White "Andrew6"]
[Black "cesaralexander"]
[Result "1/2-1/2"]
[WhiteElo "1564"]
[BlackElo "1911"]
[Opening "French: advance, Milner-Barry gambit"]
[ECO "C02"]
[Time "17:08:56"]
[TimeControl "2700+45"]

1. e4 e6 2. d4 d5 3. e5 c5 4. c3 Qb6 5. Nf3 Nc6 6. Bd3 Bd7 7. dxc5 Bxc5 8. O-O
a5 9. Nbd2 a4 10. Qe2 Nge7 11. c4 Nb4 12. Bb1 Ng6 13. a3 Nc6 14. g3 O-O 15. h4
Qc7 16. Re1 f6 17. Bxg6 hxg6 18. cxd5 exd5 19. Qd3 Ne7 20. Nf1 Bf5 21. Qc3 Be4
22. Be3 Bxf3 23. Qxc5 Qd7 24. Kh2 fxe5 25. Nd2 Bh5 26. Kg2 Rac8 27. Qb4 d4 28.
Bg5 Qd5+ 29. Kg1 Nf5 30. Qxa4 Bg4 31. Qb3 Qxb3 32. Nxb3 Rc2 33. Rxe5 Rxb2 34.
Nd2 d3 35. f3 Bxf3 36. Nxf3 Nxg3 37. Re3 Ne2+ 38. Kf1 Nd4 39. Re8 Nxf3 40. Rxf8+
Kxf8 41. Rd1 Rb3 42. a4 Kf7 43. Kf2 Nxg5 44. hxg5 Ke6 45. Ke3 Kf5 46. Rg1 Ra3
47. Rb1 Rxa4 48. Rxb7 Kxg5 49. Rxg7 Ra3 50. Rd7 Kh4 51. Rh7+ Kg4 52. Rh1 g5 53.
Rg1+ Kh5 54. Rh1+ Kg6 55. Rh8 g4 56. Kf4 g3 57. Rg8+ Kh5 58. Rxg3 d2 59. Rg1 Kh4
60. Rd1 Rd3 61. Ke4 Rd8 62. Kf4 Kh3 63. Ke3 Kg3 64. Rxd2 Re8+ 65. Kd3 {Game
drawn by mutual agreement} 1/2-1/2

[Event "Team 45 45 League T54"]
[Site "Internet Chess Club"]
[Date "2012.08.26"]
[Round "2"]
[White "Warpdrive"]
[Black "KnightDwarf"]
[Result "1-0"]
[WhiteElo "1626"]
[BlackElo "1536"]
[Opening "Sicilian: Najdorf, Byrne (English) attack"]
[ECO "B90"]
[Time "20:00:26"]
[TimeControl "2700+45"]

1. e4 c5 2. Nf3 d6 3. d4 cxd4 4. Nxd4 Nf6 5. Nc3 a6 6. Be3 e5 7. Nb3 Be7 8. f3
Be6 9. Qd2 d5 10. exd5 Nxd5 11. Nxd5 Qxd5 12. Qxd5 Bxd5 13. O-O-O Be6 14. Nc5
Bc8 15. Bc4 Nd7 16. Nxd7 Bxd7 17. Bb6 Bc6 18. Rhe1 Bf6 19. Bd5 Rc8 20. f4 Bxd5
21. Rxd5 O-O 22. fxe5 Rfe8 23. Kd2 Bg5+ 24. Kd3 Rc6 25. Be3 Rg6 26. Bxg5 Rxg5
27. g3 f6 28. Kd4 Rg4+ 29. Re4 fxe5+ 30. Rxe5 Rxe4+ 31. Kxe4 Rd8 32. Rd5 Re8+
33. Kf3 Rf8+ 34. Kg2 Re8 35. Rd2 Kf7 36. c3 Re7 37. c4 Rc7 38. b3 Re7 39. Rf2+
Kg6 40. Kf1 Rd7 41. Ke1 Kg5 42. Rd2 Re7+ 43. Kd1 Kg4 44. Rd4+ Kg5 45. Kc2 Re2+
46. Rd2 Re3 47. b4 Re7 48. a4 Re4 49. Kc3 Re7 50. b5 axb5 51. axb5 b6 52. Rd5+
Kg4 53. Rd4+ Kf5 54. Rd6 Rb7 55. Kd4 Kg4 56. c5 Kh3 57. c6 Rb8 58. c7 Rc8 59.
Rd7 Kxh2 60. Rxg7 h5 61. Kd5 {Black resigns} 1-0

[Event "Team 45 45 League T54"]
[Site "Internet Chess Club"]
[Date "2012.08.22"]
[Round "2"]
[White "WildCoyote"]
[Black "tryanything"]
[Result "1/2-1/2"]
[WhiteElo "1371"]
[BlackElo "1589"]
[Opening "two knights defense: Fritz variation"]
[ECO "C57"]
[Time "18:51:55"]
[TimeControl "2700+45"]

1. e4 e5 2. Nf3 Nc6 3. Bc4 Nf6 4. Ng5 d5 5. exd5 Nd4 6. d6 Qxd6 7. Nxf7 Qc6 8.
O-O Qxc4 9. Nxh8 Nxc2 10. d3 Qc6 11. Nc3 Nxa1 12. Bg5 Bg4 13. Qxa1 O-O-O 14. Nf7
Re8 15. Re1 Qe6 16. Nxe5 Nd7 17. Nf3 Qf7 18. Rxe8+ Qxe8 19. Qe1 Qxe1+ 20. Nxe1
Ne5 21. f3 Bf5 22. d4 Nd3 23. Nxd3 Bxd3 24. Kf2 h6 25. Be3 b6 26. Ke1 Bd6 27. g3
a6 28. Ne4 Bb1 29. Nxd6+ cxd6 30. a3 b5 31. Kd2 d5 32. Kc3 a5 33. Kb3 Kb7 34.
Kc3 h5 35. h4 g6 36. g4 hxg4 37. fxg4 Be4 38. h5 gxh5 39. gxh5 Kc6 40. Bf4 Kd7
41. Kd2 Bf5 42. Ke2 a4 43. Kf3 Ke7 44. Kg3 Kf7 45. Be5 Kg8 46. Kf4 Bd3 47. Kg5
Kh7 48. h6 Bc4 49. Bg7 Bb3 50. Kf6 Bc4 51. Ke6 Kg8 52. Kf5 Kh7 53. Kf6 Bb3 54.
Ke7 Bc4 55. Kd6 Kg8 56. Kc5 Kh7 57. Kb4 Kg8 58. Ka5 Kh7 59. Kb6 Kg8 60. Kc7 Kh7
61. Kd6 Kg8 62. Ke7 Kh7 63. Kf7 Bb3 64. Kf6 Bc4 65. Kg5 Bd3 66. Kf4 Bc4 67. Ke3
Kg8 {Game drawn by mutual agreement} 1/2-1/2

[Event "Team 45 45 League T54"]
[Site "Internet Chess Club"]
[Date "2012.08.25"]
[Round "2"]
[White "chiiwen"]
[Black "HomerSimpson"]
[Result "1/2-1/2"]
[WhiteElo "2204"]
[BlackElo "2124"]
[Opening "Owen defense"]
[ECO "B00"]
[Time "23:08:32"]
[TimeControl "2700+45"]

1. e4 b6 2. d4 Bb7 3. Nd2 Nf6 4. e5 Ne4 5. Nxe4 Bxe4 6. c3 e6 7. Qg4 Bf5 8. Qf3
c6 9. Ne2 d5 10. exd6 Bxd6 11. Ng3 Bg6 12. h4 h6 13. h5 Bh7 14. Qg4 Qf6 15. Ne4
Bxe4 16. Qxe4 Qe7 17. Be3 Qc7 18. Qg4 Kf8 19. Bc4 Nd7 20. Qf3 Nf6 21. g4 Re8 22.
g5 hxg5 23. Bxg5 Nd5 24. h6 gxh6 25. Bxh6+ Ke7 26. Bg5+ f6 27. Rxh8 Rxh8 28.
Bxd5 fxg5 29. Bxc6 Bf4 30. Bb5 Kf6 31. Ke2 Qh7 32. Bd3 Qh5 33. Qxh5 Rxh5 34. a4
g4 35. Rg1 Rg5 36. Be4 g3 37. fxg3 Rxg3 38. Rxg3 Bxg3 39. Kd3 Ke7 40. Kc4 Kd7
41. Kb5 Kc7 42. a5 Bf4 43. Bg2 Bc1 44. axb6+ axb6 45. b3 Bd2 46. Kc4 Kd6 47. b4
Be1 48. Bb7 e5 49. dxe5+ Kxe5 {Game drawn by mutual agreement} 1/2-1/2

[Event "Team 45 45 League T54"]
[Site "Internet Chess Club"]
[Date "2012.08.25"]
[Round "2"]
[White "Rodin7"]
[Black "Sir-Sinister"]
[Result "1/2-1/2"]
[WhiteElo "2032"]
[BlackElo "2000"]
[Opening "English: three knights system"]
[ECO "A27"]
[Time "13:01:16"]
[TimeControl "2700+45"]

1. Nf3 Nc6 2. c4 e5 3. Nc3 g6 4. g3 Bg7 5. Bg2 f5 6. d3 Nf6 7. O-O O-O 8. Rb1 d6
9. b4 a6 10. Bd2 Re8 11. Bg5 h6 12. Bxf6 Qxf6 13. Nd5 Qf7 14. e4 fxe4 15. dxe4
Bg4 16. Qd3 Rf8 17. Nd2 Nd4 18. f3 Be6 19. Nb3 Nxb3 20. axb3 {Game drawn by
mutual agreement} 1/2-1/2

[Event "Team 45 45 League T54"]
[Site "Internet Chess Club"]
[Date "2012.08.24"]
[Round "2"]
[White "Bonneville"]
[Black "DaPaz"]
[Result "1/2-1/2"]
[WhiteElo "1974"]
[BlackElo "2016"]
[Opening "Vienna game"]
[ECO "C28"]
[Time "14:05:06"]
[TimeControl "2700+45"]

1. e4 e5 2. Nc3 Nc6 3. Bc4 Nf6 4. d3 Bb4 5. Nf3 Bxc3+ 6. bxc3 d5 7. exd5 Nxd5 8.
Bb5 O-O 9. Bxc6 bxc6 10. O-O f6 11. c4 Ne7 12. Re1 Nf5 13. Rb1 Qd6 14. Nd2 Rd8
15. Ne4 Qe7 16. f4 Be6 17. fxe5 fxe5 18. Bg5 Qd7 19. Bxd8 Rxd8 20. Nf2 Bf7 21.
Rxe5 Rf8 22. Ra5 Nd4 23. c3 Ne6 24. Rxa7 Bg6 25. Rbb7 Re8 26. d4 Qe7 27. g3 Ng5
28. Rxc7 Qe3 29. Rxg7+ Kh8 30. Rxg6 hxg6 {Game drawn by mutual agreement}
1/2-1/2

[Event "Team 45 45 League T54"]
[Site "Internet Chess Club"]
[Date "2012.08.26"]
[Round "2"]
[White "Beetlejuice"]
[Black "pmcglothin"]
[Result "1-0"]
[WhiteElo "1803"]
[BlackElo "1862"]
[Opening "King's Indian: 3.g3"]
[ECO "E60"]
[Time "11:00:53"]
[TimeControl "2700+45"]

1. d4 Nf6 2. c4 g6 3. g3 Bg7 4. Bg2 O-O 5. Nc3 d6 6. e4 e5 7. Nf3 Nc6 8. d5 Ne7
9. O-O Nd7 10. Ne1 f5 11. Nd3 Nf6 12. h3 fxe4 13. Ne1 Bd7 14. Qe2 Qc8 15. Kh2
Nf5 16. Nxe4 Nxe4 17. Qxe4 Nd4 18. g4 Qe8 19. Be3 a6 20. Nc2 Nxc2 21. Qxc2 b6
22. Rae1 Qd8 23. Qd2 Bf6 24. b3 Rf7 25. Be4 Qe7 26. Kg2 a5 27. Rc1 Rff8 28. Rb1
b5 29. Rfc1 b4 30. c5 Bb5 31. Rc2 Rfc8 32. Rbc1 Qd7 33. Bf3 Qd8 34. g5 Bg7 35.
Bg4 Bd7 36. Bxd7 Qxd7 37. Rc4 Qf5 38. Qc2 Qxc2 39. R1xc2 Bf8 40. cxd6 Bxd6 41.
Bb6 Ra6 42. Bxc7 Kf7 43. Bxd6 Rxc4 44. Rxc4 Rxd6 45. Rc5 Ra6 46. Kf3 Ke7 47. Ke4
Kd6 48. Rc6+ Rxc6 49. dxc6 Kxc6 50. Kxe5 Kd7 51. Kf6 Kd6 52. Kg7 {Black forfeits
on time} 1-0

[Event "Team 45 45 League T54"]
[Site "Internet Chess Club"]
[Date "2012.08.24"]
[Round "2"]
[White "Cryptochess"]
[Black "chess9793"]
[Result "1-0"]
[WhiteElo "2111"]
[BlackElo "2186"]
[Opening "Sicilian: Grand Prix attack"]
[ECO "B23"]
[Time "20:02:36"]
[TimeControl "2700+45"]

1. e4 c5 2. Nc3 Nc6 3. f4 g6 4. Nf3 Bg7 5. Bb5 Nd4 6. O-O Nxb5 7. Nxb5 d5 8.
exd5 a6 9. Nc3 Nf6 10. d4 Nxd5 11. dxc5 Nxc3 12. Qxd8+ Kxd8 13. bxc3 Bxc3 14.
Rb1 Kc7 15. Rb3 Bf6 16. Bd2 a5 17. Rfb1 Ra7 18. Rb5 Bd7 19. Bxa5+ Kb8 20. Bb6
Rxa2 21. R5b4 Bc3 22. Rc4 Rxc2 23. Ne5 Bf5 24. c6 Bxe5 25. Ba7+ Kc7 26. Rxb7+
Kd6 27. fxe5+ Ke6 28. Rxc2 Bxc2 29. Bc5 Kxe5 30. Bxe7 Be4 31. Rb5+ Ke6 32. c7
Kd7 33. Bd8 Rxd8 34. cxd8=Q+ Kxd8 35. g4 Bf3 36. g5 Ke7 37. Kf2 Bg4 38. Kg3 Be6
39. Rb8 Bc4 40. Kf4 Be6 41. Ke5 Kd7 42. Kf6 Kc7 43. Rh8 Kd6 44. Rxh7 Kd5 45.
Rxf7 {Black resigns} 1-0

[Event "Team 45 45 League T54"]
[Site "Internet Chess Club"]
[Date "2012.08.26"]
[Round "2"]
[White "Goli"]
[Black "flyingpawns"]
[Result "1-0"]
[WhiteElo "1903"]
[BlackElo "1797"]
[Opening "French: exchange variation"]
[ECO "C01"]
[Time "15:30:25"]
[TimeControl "2700+45"]

1. e4 e6 2. d4 d5 3. exd5 exd5 4. Bd3 Bd6 5. Ne2 Ne7 6. Bg5 c6 7. Qd2 Bg4 8. f3
Bh5 9. Nbc3 Nd7 10. O-O-O Qc7 11. Rde1 f6 12. Bf4 O-O-O 13. Bxd6 Qxd6 14. Qf4
Kc7 15. g4 Bg6 16. Qxd6+ Kxd6 17. Nf4 Bf7 18. Re3 Ng6 19. Nh5 Rhg8 20. Rhe1 Nb6
21. b3 a6 22. Ng3 Kc7 23. Nf5 Nc8 24. Na4 Nd6 25. Ne7 Nxe7 26. Rxe7+ Rd7 27.
Rxd7+ Kxd7 28. Nc5+ Kc7 29. Re7+ Kb8 30. Rd7 {Black resigns} 1-0

[Event "Team 45 45 League T54"]
[Site "Internet Chess Club"]
[Date "2012.08.27"]
[Round "2"]
[White "DouDou"]
[Black "Tobiasdelmonte"]
[Result "0-1"]
[WhiteElo "1529"]
[BlackElo "1845"]
[Opening "Sicilian: Pelikan (Lasker/Sveshnikov) variation"]
[ECO "B33"]
[Time "23:00:08"]
[TimeControl "2700+45"]

1. e4 c5 2. Nf3 Nc6 3. d4 cxd4 4. Nxd4 Nf6 5. Nc3 e5 6. Nb3 Bb4 7. Bd3 d5 8.
exd5 Nxd5 9. Bd2 Bxc3 10. bxc3 O-O 11. O-O f5 12. Bc4 Kh8 13. Qh5 Nb6 14. Be2
Be6 15. Bg5 Qc7 16. Nc5 Bf7 17. Qh4 Na5 18. Bd3 Bd5 19. Be3 Nac4 20. Nb3 Nxe3
21. fxe3 e4 22. Be2 Bxb3 23. cxb3 Qxc3 24. Qh3 Nd5 25. Rac1 Qxe3+ 26. Qxe3 Nxe3
27. Rfe1 Rac8 28. Bc4 Nxc4 29. bxc4 Kg8 30. Kf2 Kf7 31. Ke3 Ke6 32. h3 Rfd8 33.
Kf4 h6 34. g4 g5+ 35. Ke3 Rd3+ 36. Ke2 f4 37. Kf2 Ke5 38. Rc2 Rxh3 39. Rce2 Rh2+
40. Kg1 Rxe2 41. Rxe2 Rxc4 42. Kf2 Rc3 43. Ke1 b5 44. Kd2 Rd3+ 45. Kc2 Kd4 46.
Rh2 f3 47. Rxh6 f2 48. Rh1 Ke3 49. Rh3+ Ke2 50. Rh2 Ke1 51. Rh1+ f1=Q 52. Rxf1+
Kxf1 53. Kc1 e3 54. Kc2 Rd5 55. Kc3 e2 56. Kb4 e1=Q+ 57. Ka3 Rd3+ 58. Kb2 Qe2+
{White resigns} 0-1

[Event "Team 45 45 League T54"]
[Site "Internet Chess Club"]
[Date "2012.08.25"]
[Round "2"]
[White "carokantor"]
[Black "M-Ezat"]
[Result "0-1"]
[WhiteElo "2080"]
[BlackElo "2304"]
[Opening "Caro-Kann: Panov-Botvinnik attack, 5...g6"]
[ECO "B14"]
[Time "09:00:22"]
[TimeControl "2700+45"]

1. e4 c6 2. c4 d5 3. exd5 cxd5 4. d4 Nf6 5. Nc3 g6 6. Qb3 Bg7 7. cxd5 O-O 8.
Nge2 Na6 9. g3 Qb6 10. Qxb6 axb6 11. Bg2 Nb4 12. O-O Bf5 13. Bg5 Ra7 14. a3 Nd3
15. b4 Nb2 16. h4 Bd3 17. Rfe1 h6 18. Bc1 Na4 19. Nxa4 Rxa4 20. Nc3 Raa8 21.
Rxe7 Rfc8 22. Bb2 Ne8 23. Rd1 Bf5 24. g4 Bxg4 25. f3 Bf5 26. Nb5 Rc2 27. Bc1
Rac8 28. Bf4 Nf6 29. Nc7 Nh5 30. Bd6 Bf6 31. Re8+ Rxe8 32. Nxe8 Bxh4 33. Be5 f6
34. Bh2 Bf2+ 35. Kh1 Bd7 36. Nd6 Bg3 37. Bxg3 Nxg3+ 38. Kh2 Ne2 39. Ne4 Kg7 40.
d6 Kf7 41. d5 Nf4 42. Rd2 Rxd2 43. Nxd2 Nxd5 44. f4 Nxf4 45. Bxb7 Ke6 46. Nc4 b5
47. Nb6 Kxd6 48. Nxd7 Kxd7 49. Kg3 Ne6 50. Bf3 Nd4 51. Bd1 f5 52. a4 bxa4 53.
Bxa4+ Kd6 54. Kf4 Ne6+ 55. Ke3 h5 56. Be8 Nf8 57. Kf4 h4 58. Bf7 Ne6+ 59. Ke3 g5
60. b5 f4+ 61. Kf3 h3 62. b6 g4+ 63. Kf2 g3+ 64. Kg1 Nd4 65. b7 Kc7 66. Bd5 f3
67. Kh1 f2 {White resigns} 0-1

[Event "Team 45 45 League T54"]
[Site "Internet Chess Club"]
[Date "2012.08.24"]
[Round "2"]
[White "Y-ElGhazali"]
[Black "MaryAngels"]
[Result "1-0"]
[WhiteElo "2190"]
[BlackElo "2043"]
[Opening "English opening"]
[ECO "A10"]
[Time "09:27:56"]
[TimeControl "2700+45"]

1. c4 b6 2. Nc3 Bb7 3. d3 e6 4. Nf3 c5 5. Bf4 d5 6. Nb5 Na6 7. Qa4 Ke7 8. Bd6+
Kf6 9. cxd5 h6 10. Qf4+ Kg6 11. Ne5+ Kh7 12. Nxf7 Qd7 13. Ne5 {Black resigns}
1-0

[Event "Team 45 45 League T54"]
[Site "Internet Chess Club"]
[Date "2012.08.26"]
[Round "2"]
[White "grabuark"]
[Black "AmrSobh"]
[Result "1/2-1/2"]
[WhiteElo "2189"]
[BlackElo "2196"]
[Opening "Caro-Kann: advance variation"]
[ECO "B12"]
[Time "18:04:07"]
[TimeControl "2700+45"]

1. e4 c6 2. d4 d5 3. e5 Bf5 4. Nf3 h6 5. Be2 e6 6. O-O Nd7 7. Nbd2 g5 8. Nb3 Ne7
9. a4 a5 10. Bd2 b6 11. Re1 Bg7 12. h4 g4 {Game drawn by mutual agreement}
1/2-1/2

[Event "Team 45 45 League T54"]
[Site "Internet Chess Club"]
[Date "2012.08.25"]
[Round "2"]
[White "M-Abotreka"]
[Black "Jack-ONeill"]
[Result "1-0"]
[WhiteElo "2081"]
[BlackElo "2077"]
[Opening "QGD: 4.Nf3"]
[ECO "D37"]
[Time "12:14:52"]
[TimeControl "2700+45"]

1. d4 Nf6 2. c4 e6 3. Nf3 d5 4. Nc3 Be7 5. cxd5 exd5 6. Qc2 c6 7. Bg5 g6 8. e3
Bf5 9. Bd3 Bxd3 10. Qxd3 Nbd7 11. O-O O-O 12. Rad1 Re8 13. h3 Ne4 14. Bh6 Bf8
15. Bxf8 Kxf8 16. Nxe4 dxe4 17. Qa3+ Qe7 18. Qxe7+ Rxe7 19. Nd2 Nb6 20. a3 f5
21. Rc1 Rd8 22. b4 Kg7 23. Nc4 Nxc4 24. Rxc4 Rd5 25. Rfc1 g5 26. Rc5 Red7 27.
Kf1 Kf6 28. Ke2 Ke6 29. g3 h5 30. a4 a6 31. a5 Kf6 32. f3 Ke6 33. fxe4 fxe4 34.
Rf1 Rf7 35. Rxf7 Kxf7 36. Kd2 Ke6 37. Kc3 Kd7 38. Kb3 Ke6 39. g4 hxg4 40. hxg4
Ke7 41. Kc4 Kd6 42. Kb3 Ke7 43. Rc1 Rd6 44. Rc5 Rd5 45. Rc1 Rd6 46. Kc4 Rh6 47.
Kc5 Rh3 48. Rc3 Kd7 49. Kb6 Kc8 50. d5 Rh6 51. dxc6 Kb8 52. b5 axb5 53. Kxb5
bxc6+ 54. Rxc6 Rh3 55. Rc3 Rg3 56. Kb6 Rxg4 57. a6 {Black resigns} 1-0

[Event "Team 45 45 League T54"]
[Site "Internet Chess Club"]
[Date "2012.08.26"]
[Round "2"]
[White "gareth"]
[Black "Pacini"]
[Result "1-0"]
[WhiteElo "2252"]
[BlackElo "2131"]
[Opening "Richter-Veresov attack"]
[ECO "D01"]
[Time "19:11:36"]
[TimeControl "2700+45"]

1. d4 Nf6 2. Nc3 d5 3. Bg5 c5 4. e3 Nc6 5. Nf3 Bg4 6. Be2 e6 7. O-O cxd4 8. exd4
Be7 9. Bf4 O-O 10. Ne5 Bxe2 11. Nxe2 Rc8 12. c3 b5 13. Nd3 b4 14. cxb4 Nxb4 15.
Nxb4 Bxb4 16. Qa4 Qa5 17. Qxa5 Bxa5 18. Rfc1 Rfd8 19. Kf1 Ne4 20. f3 Nd2+ 21.
Kf2 Nc4 22. Rc2 Nb6 23. Bc7 Bb4 24. Rac1 Re8 25. a3 Be7 26. Bxb6 Rxc2 27. Rxc2
axb6 28. Rc6 Rb8 29. a4 Kf8 30. Nc3 Ke8 31. Nb5 Kd7 32. Rc7+ Kd8 33. b3 h5 34.
Ke3 Rc8 35. Rb7 Rc2 36. Rxb6 Rxg2 37. a5 Ra2 38. a6 Kc8 {Black resigns} 1-0

[Event "Team 45 45 League T54"]
[Site "Internet Chess Club"]
[Date "2012.08.24"]
[Round "2"]
[White "zozobob"]
[Black "Feifo"]
[Result "1-0"]
[WhiteElo "2105"]
[BlackElo "2131"]
[Opening "French: Tarrasch, closed variation, main line"]
[ECO "C06"]
[Time "10:02:35"]
[TimeControl "2700+45"]

1. e4 e6 2. d4 d5 3. Nd2 Nf6 4. e5 Nfd7 5. Bd3 c5 6. c3 Nc6 7. Ne2 cxd4 8. cxd4
f6 9. exf6 Nxf6 10. O-O Bd6 11. Nf3 Qc7 12. Ng3 O-O 13. Re1 g6 14. Bh6 Re8 15.
Qb1 Ne7 16. Nh4 Nf5 17. Nhxf5 exf5 18. Rxe8+ Nxe8 19. Qe1 Nf6 20. f3 Bd7 21. Bg5
Kf7 22. Qf2 Qb6 23. Re1 Re8 24. Rxe8 Bxe8 25. b3 Qc7 26. Nf1 Kg7 27. Qh4 Ng8 28.
Qe1 Bd7 29. Bh4 Qb6 30. Qc3 Bb4 31. Qb2 Qc6 32. Bg3 Bd6 33. Bxd6 Qxd6 34. Ne3 f4
35. Nd1 Qf6 36. Qf2 Ne7 37. Nc3 Be6 38. Ne2 Nc6 39. g3 fxg3 40. hxg3 Nb4 41. Bb1
Bf5 42. Bxf5 Qxf5 43. Qe3 Nxa2 44. Qe7+ Kh6 45. Qh4+ Kg7 46. Qe7+ Kh6 47. Kf2
Qc8 48. g4 Qc2 49. Qf8+ Kg5 50. Qf4+ Kh4 51. Qh6# {Black checkmated} 1-0